 Dungeon Crawl Stone Soup version 0.22-a0-388-g09e6169 (webtiles) character file.

2453 Alphaeus the Insei (level 9, -15/103 HPs)
             Began as a Demonspawn Monk on Apr 29, 2018.
             Was a Believer of Cheibriados.
             Demolished by an orc warrior
             ... wielding a +0 flail
              (18 damage)
             ... on level 7 of the Dungeon.
             The game lasted 00:09:04 (9748 turns).

Alphaeus the Insei (Demonspawn Monk)                Turns: 9748, Time: 00:09:05

Health: -15/103    AC:  6    Str: 24    XL:     9   Next: 25%
Magic:  0/9        EV: 14    Int: 18    God:    Cheibriados [**....]
Gold:   333        SH:  0    Dex: 24    Spells: 8/8 levels left

rFire    . . .     SeeInvis .     - Unarmed
rCold    . . .     Gourm    .   (no shield)
rNeg     . . .     Faith    .   g - +0 ring mail
rPois    +         Spirit   +   (helmet restricted)
rElec    .         Reflect  .   l - +0 cloak
rCorr    .         Harm     +   (no gloves)
MR       .....                  (no boots)
Stlth    ..........             w - amulet of harm
HPRegen  0.27/turn              d - +4 ring of dexterity
MPRegen  0.22/turn              z - ring of poison resistance

@: berserking, drained, very slow
A: antennae 2, talons 1, magic shield, magic regeneration, rot immunity
a: Bend Time, Renounce Religion


You were on level 7 of the Dungeon.
You worshipped Cheibriados.
Cheibriados was pleased with you.
You were not hungry.

You visited 2 branches of the dungeon, and saw 9 of its levels.

You collected 333 gold pieces.

Inventory:

Armour
 a - a +0 robe
 g - a +0 ring mail (worn)
 k - a +0 pair of boots
 l - a +0 cloak (worn)
Jewellery
 d - a +4 ring of dexterity (left hand)
 t - an uncursed ring of ice
 w - an amulet of harm (around neck)
 z - a ring of poison resistance (right hand)
Scrolls
 c - a scroll of amnesia {unknown}
 e - a scroll of blinking {unknown}
 f - a scroll of random uselessness {unknown}
 h - 4 scrolls of remove curse
 i - 2 scrolls of fear {unknown}
 m - a scroll of noise {unknown}
 n - 3 scrolls of identify
 s - 4 scrolls of teleportation {unknown}
 u - 2 scrolls of enchant weapon {unknown}
 x - a scroll of enchant armour {unknown}
 y - a scroll of immolation {unknown}
 B - a scroll of summoning {unknown}
Potions
 j - a potion of might {unknown}
 o - a potion of agility {unknown}
 p - a potion of berserk rage
 q - a potion of cancellation {unknown}
 r - 2 potions of degeneration {unknown}
 v - a potion of magic {unknown}
 A - 2 potions of curing {unknown}
Comestibles
 b - 14 rations
 C - 4 chunks of flesh


   Skills:
 + Level 5.8(4.9) Fighting
 + Level 4.4(3.5) Armour
 + Level 5.2(4.3) Dodging
 + Level 5.2(4.3) Stealth
 * Level 7.3(6.3) Unarmed Combat


You had 8 spell levels left.
You didn't know any spells.

Dungeon Overview and Level Annotations

Branches:
Dungeon (8/15)             Temple (1/1) D:6
   Lair: D:8-11

Altars:
Ashenzari
Cheibriados
Elyvilon
Fedhas
Gozag
Hepliaklqana
Kikubaaqudgha
Makhleb
Nemelex Xobeh
Okawaru
Qazlal
Ru
Sif Muna
Trog
Uskayaw
Vehumet
Wu Jian
Xom
Yredelemnul
Zin
The Shining One
Lugonu

Shops:
D:6 *

Annotations:
D:8 foggy's ghost, novice MiFi


Innate Abilities, Weirdness & Mutations

You have a pair of antennae on your head.
You have sharp toenails.
When hurt, damage is shared between your health and your magic reserves.
You regenerate magic rapidly.
You are immune to rotting.


Message History

You barely miss the orc warrior.
The orc warrior is moderately wounded.
The orc barely misses you. The hound bites you but does no damage.
The orc warrior hits you with a flail!
* * * LOW HITPOINT WARNING * * *
You hit the orc warrior but do no damage.
Your kick misses the orc warrior.
The orc warrior is moderately wounded.
The hound bites you but does no damage. The orc misses you.
The hound bites you but does no damage. The orc warrior hits you with a flail!
* * * LOW HITPOINT WARNING * * *
It was a potion of berserk rage.
A red film seems to cover your vision as you go berserk!
Cheibriados protects you from inadvertent hurry.
You feel mighty! The orc barely misses you. The hound bites you.
* * * LOW HITPOINT WARNING * * *
You punch the orc warrior! Your kick misses the orc warrior.
The orc warrior is severely wounded.
The hound barely misses you. The orc warrior hits you with a flail!
You die...

#.# #.##.#
#.######.##.#
#........##.#
#######..##.#
#..##.######
#..##...>..#
#..#######.#
#########h.# #.#
#...._....@#######.#
#.########oo.......#
#.# #########.# #.#
#.# #.# #.#
#.####### #.#
#.......# ####### #
#######.#
#8._.######### #.#
#...8#.......


You could see an orc warrior, a hound and an orc.

Vanquished Creatures
  Pikel (D:7)
  A hippogriff (D:7)
  Grinder (D:5)
  A black bear (D:5)
  An ice beast (D:5)
  3 ogres
  A centaur (D:6)
  Blork the orc (D:6)
  4 bullfrogs
  8 crimson imps
  4 hounds
  A jelly (D:7)
  A gnoll shaman (D:3)
  2 orc priests
  An orc wizard (D:7)
  2 worker ants
  2 hound zombies
  3 adders
  2 oozes
  3 adder skeletons
  An adder zombie (D:6)
  A worm (D:3)
  A dart slug (D:1)
  2 leopard geckos
  19 orcs
  4 ball pythons
  5 giant cockroaches
  9 goblins
  10 hobgoblins
  8 jackals
  5 quokkas
  5 bats
  11 frilled lizards
  A jackal zombie (D:6)
  8 kobolds
  A leopard gecko skeleton (D:7)
  9 rats
143 creatures vanquished.

Vanquished Creatures (others)
  2 slaves (D:7)
  A crimson imp (D:7)
  2 quokkas
5 creatures vanquished.

Grand Total: 148 creatures vanquished

Notes
Turn   | Place    | Note
-------+----------+-------------------------------------------
     0 | D:1      | Alphaeus the Demonspawn Monk began the quest for the Orb.
     0 | D:1      | Reached XP level 1. HP: 18/18 MP: 1/1
   406 | D:1      | Gained mutation: You have a pair of small antennae on your head. [demonic ancestry]
   406 | D:1      | Reached XP level 2. HP: 18/24 MP: 2/2
   529 | D:1      | Reached skill level 3 in Unarmed Combat
  1113 | D:1      | Gained mutation: When hurt, damage is shared between your health and your magic reserves. [demonic ancestry]
  1113 | D:1      | Reached XP level 3. HP: 26/29 MP: 3/3
  1989 | D:2      | Reached skill level 1 in Armour
  2547 | D:2      | Found a bloodstained altar of Trog.
  2772 | D:2      | Gained mutation: You regenerate magic rapidly. [demonic ancestry]
  2772 | D:2      | Reached XP level 4. HP: 35/35 MP: 4/4
  3447 | D:3      | HP: 1/35 [leopard gecko (3)]
  4096 | D:3      | Reached XP level 5. HP: 41/41 MP: 5/5
  4204 | D:3      | Found a hide-covered altar of Uskayaw.
  4561 | D:4      | Found a white marble altar of Elyvilon.
  4944 | D:4      | Reached skill level 4 in Unarmed Combat
  5267 | D:4      | Found a sparkling altar of Nemelex Xobeh.
  5844 | D:5      | Entered Level 5 of the Dungeon
  5950 | D:5      | Gained mutation: You are immune to rotting. [demonic ancestry]
  5950 | D:5      | Reached XP level 6. HP: 41/48 MP: 6/6
  6859 | D:5      | Gained mutation: You have sharp toenails. [demonic ancestry]
  6859 | D:5      | Reached XP level 7. HP: 12/54 MP: 2/7
  7178 | D:5      | Noticed Grinder
  7201 | D:5      | Found a blossoming altar of Fedhas.
  7203 | D:5      | Killed Grinder
  7203 | D:5      | Reached skill level 5 in Unarmed Combat
  7762 | D:6      | Reached XP level 8. HP: 32/61 MP: 4/8
  7928 | D:6      | Noticed Blork the orc
  7937 | D:6      | Killed Blork the orc
  8049 | D:6      | Found a staircase to the Ecumenical Temple.
  8088 | D:6      | Reached skill level 5 in Fighting
  8088 | D:6      | Reached skill level 6 in Unarmed Combat
  8106 | Temple   | Entered the Ecumenical Temple
  8224 | D:6      | Found Zin's Purification Station.
  8229 | D:6      | Found a glowing silver altar of Zin.
  8706 | D:7      | Found a snail-covered altar of Cheibriados.
  8816 | D:7      | Became a worshipper of Cheibriados the Contemplative
  8816 | D:7      | Reached * piety under Cheibriados
  8816 | D:7      | Reached ** piety under Cheibriados
  8856 | D:7      | Found an ancient bone altar of Kikubaaqudgha.
  8857 | D:7      | Found a deep blue altar of Sif Muna.
  8859 | D:7      | Found a radiant altar of Vehumet.
  8861 | D:7      | Identified Kikubaaqudgha's Guide on Unholy Magic
  9002 | D:7      | Noticed Pikel
  9028 | D:7      | Killed Pikel
  9028 | D:7      | Reached skill level 5 in Dodging
  9028 | D:7      | Reached skill level 5 in Stealth
  9028 | D:7      | Gained mutation: You have a pair of antennae on your head. [demonic ancestry]
  9028 | D:7      | Reached XP level 9. HP: 30/68 MP: 3/9
  9032 | D:7      | Reached skill level 7 in Unarmed Combat
  9326 | D:7      | Found a hazy altar of Hepliaklqana.
  9327 | D:7      | Found a shimmering altar of Xom.
  9327 | D:7      | Noticed a hell beast
  9328 | D:7      | Noticed a spectral ugly thing
  9328 | D:7      | Noticed a hell beast
  9602 | D:8      | Noticed foggy's ghost (novice MiFi)
  9746 | D:7      | HP: 2/69 [orc warrior/flail (8)]
  9748 | D:7      | Demolished by an orc warrior

Vault maps used:
D:1:      denvon_arrival_planthouse
D:2:      lightli_temple_of_fire, kennysheep_generic_room_2
D:3:      lemuel_crystal_altar, first_ration, kennysheep_potato
D:4:      old_standard_altar, elyvilon_altar_4, serial_curves, eino_curves_04,
          eino_curves_01
D:5:      black_bear_nest_2, fedhas_altar_2, grunt_decor_fettered,
          hangedman_abyss_or_decor_lesser_grid, uniq_grinder
D:6:      zin_purify, temple_pool_b, uniq_blork_the_orc
D:7:      regret_index_temple_of_mockery, grunt_temple_overflow_magic_moments,
          overflow_temple_1_default, grunt_ministairs_7, uniq_pikel
D:8:      nicolae_dithmenos_the_darkroom, serial_shops, shop, uniq_joseph,
          uniq_erica
Temple:   corrupted_temple

Skill      XL: |  1  2  3  4  5  6  7  8  9 |
---------------+----------------------------+-----
Stealth        | 2 3 4 5 |  5.2
Unarmed Combat | 3 4 5 6 7 |  7.3
Dodging        | 3 4 5 |  5.2
Armour         | 1 2 3 4 |  4.4
Fighting       | 4 5 |  5.8

Action                   |  1- 3 |  4- 6 |  7- 9 || total
-------------------------+-------+-------+-------++-------
Melee: Unarmed           |   191 |   340 |   237 ||   768
       Punch             |     1 |     7 |     7 ||    15
       Kick              |       |       |    86 ||    86
  Use: Potion            |       |     3 |     1 ||     4
       Scroll            |       |       |     2 ||     2
 Stab: Sleeping          |     6 |     6 |     5 ||    17
       Invisible         |       |     4 |       ||     4
  Eat: Chunk             |     6 |     9 |     5 ||    20
       Ration            |       |     1 |     1 ||     2
Armor: Robe              |    22 |       |       ||    22
       Ring mail         |    15 |   110 |    77 ||   202
Dodge: Dodged            |   173 |   169 |   199 ||   541

Table legend:
 A = Spawn XP
 B = Non-spawn XP
 C = Spawn XP percentage of total XP
 D = Spawn monster count
 E = Non-spawn monster count
 F = Spawn count percentage of total count
 G = Total turns spent on level
                    A         B        C        D         E        F      G
               +---------+---------+-------+---------+---------+-------+---------
         Total |       0 |    3505 |   0.0 |       0 |     143 |   0.0 |  9748
               +---------+---------+-------+---------+---------+-------+---------
           D:1 |       0 |      55 |   0.0 |       0 |      33 |   0.0 |  1780
           D:2 |       0 |      42 |   0.0 |       0 |      20 |   0.0 |  1135
           D:3 |       0 |     118 |   0.0 |       0 |      29 |   0.0 |  1637
           D:4 |       0 |     134 |   0.0 |       0 |       9 |   0.0 |  1292
           D:5 |       0 |     921 |   0.0 |       0 |      16 |   0.0 |  1885
           D:6 |       0 |     619 |   0.0 |       0 |      14 |   0.0 |   838
           D:7 |       0 |    1613 |   0.0 |       0 |      21 |   0.0 |  1116
           D:8 |       0 |       3 |   0.0 |       0 |       1 |   0.0 |    11
               +---------+---------+-------+---------+---------+-------+---------
